 Dungeon Sprint DCSS version 0.29-a0-857-g9b1aa3ac5b (webtiles) character file.

Game seed: 318793058837091768

440 manyhoops the Carver (level 7, -44/99 HPs)
             Began as a Human Berserker on July 16, 2022.
             Was a Believer of Trog.
             Annihilated by a boulder beetle (60 damage)
             ... in the Dungeon (Sprint II: "The Violet Keep of Menkaure").
             The game lasted 00:01:06 (115 turns).

manyhoops the Carver (Human Berserker)               Turns: 115, Time: 00:01:07

Health: -44/99     AC:  4    Str: 20    XL:     7   Next: 22%
Magic:  7/7        EV: 12    Int:  7    God:    Trog [**....]
Gold:   81         SH:  0    Dex: 12    Spells: 6/6 levels left

rFire   . . .      SeeInvis .   i - +2 long sword (vorpal)
rCold   . . .      Faith    .   (no shield)
rNeg    . . .      Spirit   .   b - +0 animal skin
rPois   .          Reflect  .   (no helmet)
rElec   .          Harm     .   (no cloak)
rCorr   .          Rampage  .   (no gloves)
Will    .....      NoTele   +   e - +1 pair of boots
Stlth   ..........              (no amulet)
HPRegen 0.26/turn               (no ring)
MPRegen 0.10/turn               (no ring)

@: berserking, very quick
A: no striking features
a: Renounce Religion, Berserk, Trog's Hand


You were in the Dungeon.
You worshipped Trog.
Trog was pleased with you.
You visited 1 branch You collected 486 gold pieces.
You spent 405 gold pieces at shops.

Inventory:

Hand Weapons
 a - a +0 falchion
 i - a +2 vorpal long sword (weapon)
Armour
 b - a +0 animal skin (worn)
 e - a +1 pair of boots (worn)
Scrolls
 h - a scroll of blinking
Potions
 c - a potion of curing
 d - 2 potions of heal wounds
 f - 2 potions of magic
 g - a potion of berserk rage


   Skills:
 + Level 10.2 Fighting
 + Level 11.1 Long Blades
 - Level 2.0 Armour
 - Level 2.0 Dodging


You had 6 spell levels left.
You didn't know any spells.
Your spell library was empty.

Dungeon Overview and Level Annotations

Branches:
Dungeon (1/1)

Altars:

Shops:
D [:(?!=[=(:!=(!*

Annotations:
D exclusions: oklob plant and orange crystal statue


Message History

Found a potion of magic, a ring mail and a club.
The polar bear growls angrily.
There is an entrance to Ponlurou's Assorted Antiques here.
d - 2 potions of heal wounds (gained 1);
e - a +1 pair of boots Thank you for shopping at Ponlurou's Assorted Antiques!
The polar bear growls angrily.
You start putting on your armour.
You continue putting on your +1 pair of boots. x4
You finish putting on your +1 pair of boots.
Found 81 gold pieces.
There is an entrance to Raheiwom's Weapon Shop here.
Found 81 gold pieces and an emerald potion.
The hell hog squeals angrily.
There is an entrance to Doskegui's Antique Weapon Boutique here.
i - a +2 vorpal long sword Thank you for shopping at Doskegui's Antique Weapon Boutique!
i - a +2 vorpal long sword (weapon)
There is an entrance to Naivvug's Jewellery Boutique here.
Found 7 gold pieces.
The hell hog squeals angrily.
There is an entrance to Noh Yrghoiji's Antique Weapon Boutique here.
There is an entrance to Ylaurel's Book Shop here.
There is an open door here.
You enter the shallow water.
Moving in this stuff is going to be slow.
You open the door.
The boulder beetle leaps!
The boulder beetle completely misses you.
The boulder beetle curls into a ball and begins rolling!
There is an open door here.
A red film seems to cover your vision as you go berserk!
You feel yourself moving faster!
You feel mighty! The boulder beetle bites you!!
* * * LOW HITPOINT WARNING * * *
You are too injured to fight recklessly!
You are too injured to fight recklessly!
You slash the boulder beetle!
The boulder beetle is lightly wounded.
The boulder beetle hits you!!!
Ouch! That really hurt!
You die...

############≈≈#+++#+++##
###########≈≈≈.........#
##∩.∩.....#≈≈≈≈.##'##..#
##...∩....#≈≈≈≈##...##
##..∩.∩...#≈≈≈≈#..#..#
##...∩.∩..#≈≈####.).##
##....∩.⌠.#≈##.###'##
##...∩.∩..#°#...##.####
##..∩.∩..B@B'# #+.<.'†##+
##.∩.∩....#≈#..$##.##...#
#▓▓▓▓▓▓▓###≈##.###+###.##
##){{######≈≈# # ###
#[hh#h$ ##≈≈≈# #∩P!+$.#
+#≈# #[[.#!##≈# ≈≈#
#).$###≈≈≈ ≈≈ ##+###≈≈≈≈


You could see 2 boulder beetles, an oklob plant and 2 polar bears.

Vanquished Creatures
  A merfolk siren (D)
  A water moccasin (D)
  2 worms (D)
4 creatures vanquished.

Notes
Turn   | Place    | Note
-------+----------+-------------------------------------------
     0 | D        | manyhoops the Human Berserker began the quest for the Orb.
     0 | D        | Reached XP level 1. HP: 18/18 MP: 1/1
     1 | D        | Noticed a merfolk siren
    33 | D        | Killed a merfolk siren
    34 | D        | Reached skill level 10 in Long Blades
    34 | D        | Reached XP level 2. HP: 34/34 MP: 2/2
    34 | D        | Reached XP level 3. HP: 40/40 MP: 3/3
    34 | D        | Reached XP level 4. HP: 46/46 MP: 4/4
    34 | D        | Reached XP level 5. HP: 52/52 MP: 5/5
    34 | D        | Reached XP level 6. HP: 59/59 MP: 6/6
    36 | D        | Noticed a boulder beetle
    36 | D        | Noticed a boulder beetle
    45 | D        | Reached ** piety under Trog
    67 | D        | Noticed an orange crystal statue
    69 | D        | Noticed a water moccasin
    79 | D        | Killed a water moccasin
    80 | D        | Reached skill level 10 in Fighting
    80 | D        | Reached skill level 11 in Long Blades
    80 | D        | Reached XP level 7. HP: 24/66 MP: 7/7
    82 | D        | Found Zelegu's Distillery.
    82 | D        | Found Ponlurou's Assorted Antiques.
    83 | D        | Found Puanyo's Distillery.
    83 | D        | Found Doskegui's Jewellery Boutique.
    83 | D        | Found Raheiwom's Weapon Shop.
    84 | D        | Found Wushruh's Jewellery Shop.
    84 | D        | Found Doskegui's Antique Weapon Boutique.
    84 | D        | Found Lobrutoxt's Antique Armour Boutique.
    84 | D        | Found Ylaurel's Book Shop.
    85 | D        | Found Naivvug's Jewellery Boutique.
    85 | D        | Found Upom's Distillery.
    85 | D        | Found Ustuket's Magic Scroll Shop.
    88 | D        | Found Noh Yrghoiji's Antique Weapon Boutique.
    88 | D        | Noticed an oklob plant
    89 | D        | Found Woyffa's Book Shoppe.
    89 | D        | Found Didghoyny's Antique Armour Boutique.
    90 | D        | Noticed a polar bear
    90 | D        | Noticed a polar bear
    92 | D        | Bought a potion of heal wounds for 105 gold pieces
    92 | D        | Bought a pair of glowing boots for 157 gold pieces
    98 | D        | Noticed a hell hog
    99 | D        | Bought a runed long sword for 143 gold pieces
    99 | D        | Noticed a hell hog
   115 | D        | Annihilated by a boulder beetle

Illustrated notes

Levels and vault maps discovered:
D:        the_violet_keep_of_menkaure [sprint2_stairs_cluster_1,
          sprint2_shoproom, sprint2_temple, sprint2_basic_supplies,
          sprint2_obstacle_3, sprint2_obstacle_7, sprint2_obstacle_4,
          sprint2_obstacle_2, sprint2_obstacle_5, sprint2_timed_cluster_1,
          sprint2_smallroom_cluster_1, sprint2_smallroom_final_cluster_1,
          sprint2_transparent_cluster_1, sprint2_second_timed_cluster_1,
          sprint2_sniper_area_1, sprint2_heavy_combat_area_1,
          sprint2_mutation_trap_area_1, sprint2_forest_area_1,
          sprint2_light_combat_area_1, sprint2_behind_water_1,
          sprint2_near_end_vault_1]

Skill      XL: |  1  2  3  4  5  6 |
---------------+-------------------+-----
Fighting       | 9 10 | 10.2
Long Blades    | 10 11 | 11.1
Armour         | |  2.0
Dodging        | |  2.0

Action                   |  1- 3 |  4- 6 |  7- 9 || total
-------------------------+-------+-------+-------++-------
Melee: Falchion          |    30 |    19 |       ||    49
       Long sword        |       |       |     1 ||     1
Invok: Berserk           |       |       |     1 ||     1
  Use: Potion            |     1 |       |       ||     1
Dodge: Dodged            |     1 |     8 |     1 ||    10

Table legend: (Time is in decaauts)
 A = Elapsed time spent in this place.
 B = Non-inter-level travel time spent in this place.
 C = Inter-level travel time spent in this place.
 D = Time resting spent in this place.
 E = Time spent auto-exploring this place.
 F = Levels seen in this place.
 G = Mean time per level.
                   A        B        C        D        E       F      G
               +--------+--------+--------+--------+--------+-----+--------+
         Total |     98 |     98 |      0 |      0 |      0 |   1 |   98.0 |
       Dungeon |     98 |     98 |      0 |      0 |      0 |   1 |   98.0 |
               +--------+--------+--------+--------+--------+-----+--------+

Top non-repeatable levels by time:
       D: 98 daAuts
